 Dungeon Crawl Stone Soup version 0.28-a0-563-gf77a47075d (webtiles) character file.

Game seed: 8911236591946093259

67 barkas the Ruffian (level 4, -1/39 HPs)
             Began as a Naga Transmuter on Sept 29, 2021.
             Slain by a gnoll (10 damage)
             ... on level 2 of the Dungeon.
             The game lasted 00:02:25 (1744 turns).

barkas the Ruffian (Naga Transmuter)                Turns: 1744, Time: 00:02:25

Health: -1/39      AC:  2    Str: 13    XL:     4   Next: 18%
Magic:  7/7        EV: 10    Int: 13    God:
Gold:   54         SH:  0    Dex: 12    Spells: 6/7 levels left

rFire   . . .      SeeInvis +     - Unarmed
rCold   . . .      Faith    .   (no shield)
rNeg    . . .      Spirit   .   a - +0 robe
rPois   +          Reflect  .   (helmet currently unavailable)
rElec   .          Harm     .   (no cloak)
rCorr   .          Rampage  .   (no gloves)
Will    .....                   (no barding)
Stlth   +.........              e - amulet of magic regeneration
HPRegen 0.13/turn               (no ring)
MPRegen 0.35/turn               (no ring)

@: short of breath, appendages (expiring), very slow
A: horns 2, AC +1, large, see invisible, deformed body, poison resistance,
slowness 2, spit poison 1, naga tail 1
a: Spit Poison, End Transformation


You were on level 2 of the Dungeon.
You had temporarily grown beastly horns.
You visited 1 branch of the dungeon, and saw 2 of its levels.

You collected 54 gold pieces.

Inventory:

Armour
 a - a +0 robe (worn)
Jewellery
 e - an amulet of magic regeneration (around neck)
 i - a +6 ring of intelligence
Scrolls
 b - a scroll of identify {unknown}
 d - 2 scrolls of blinking {unknown}
 f - a scroll of amnesia {unknown}
 g - a scroll of enchant weapon {unknown}
Potions
 c - a potion of curing {unknown}
 h - 2 potions of attraction {unknown}


   Skills:
 + Level 1.7 Fighting
 + Level 2.0 Dodging
 * Level 3.7 Unarmed Combat
 - Level 2.0 Spellcasting
 + Level 2.4 Transmutations
 + Level 1.6 Poison Magic


You had 6 spell levels left.
You knew the following spells:

 Your Spells              Type           Power      Damage    Failure   Level
a - Beastly Appendage     Tmut           14%        N/A       10%         1

Your spell library contained the following spells:

 Spells                   Type           Power      Damage    Failure   Level
 Wereblood                Tmut           7%         N/A       14%         2
 Spider Form              Tmut/Pois      3%         N/A       32%         3
 Ice Form                 Ice/Tmut       4%         N/A       83%         4


Dungeon Overview and Level Annotations

Branches:
Dungeon (2/15)

Altars:


Innate Abilities, Weirdness & Mutations

You have temporarily grown beastly horns.
Your serpentine skin is tough. (AC +1)
You have supernaturally acute eyesight. (SInv)
Armour fits poorly on your strangely shaped body.
Your system is resistant to poisons. (rPois)
You cover ground very slowly.
You can spit poison.
You have a snake-like lower body.


Message History

You have got your breath back.
The gnoll hits you with a +0 club.
Press: ? - help, Shift-Dir - straight line, f/p - gnoll
Aim: a gnoll, wielding a +0 club (moderately wounded)
The splash of poison hits the gnoll.
The gnoll is moderately wounded.
The gnoll closely misses you.
Unknown command.
Casting: Beastly Appendage (safe; 10% risk of failure)
Confirm with . or Enter, or press ? or * to list all spells.
You grow a pair of large bovine horns.
The gnoll hits you with a +0 club.
You completely miss the gnoll.
The gnoll is moderately wounded.
The gnoll closely misses you.
You hit the gnoll.
You headbutt the gnoll, but do no damage.
The gnoll is severely wounded.
The gnoll barely misses you.
You closely miss the gnoll.
The gnoll is severely wounded.
The gnoll hits you with a +0 club.
You hit the gnoll.
The gnoll is almost dead.
You closely miss the gnoll.
The gnoll is almost dead.
The gnoll barely misses you.
You hit the gnoll.
You kill the gnoll!
You have got your breath back.
Press: ? - help, Shift-Dir - straight line, f - gnoll
Aim: a gnoll, wielding a +0 flail The splash of poison misses the gnoll.
The splash of poison hits the gnoll!
The gnoll is severely wounded.
The gnoll hits you with a +0 flail!
* * * LOW HITPOINT WARNING * * *
Unknown command.
You completely miss the gnoll.
Your transformation is almost over.
The gnoll hits you with a +0 flail!
You die...

#.##.##..#.#.#.##
#.#.#...##.#.####
#.###......#.....
#.....####.######
####### #.......
######## ..
....################
..........)...gg@..#
##################.#
#.# #.# #.# #.# #.#
##.##############
#................


You could see 2 gnolls.

Vanquished Creatures
  2 gnolls (D:2)
  An adder (D:2)
  A dart slug (D:1)
  5 endoplasms
  3 goblins (D:1)
  4 hobgoblins
  4 kobolds
  2 quokkas
  3 ball pythons (D:1)
  3 bats (D:1)
  4 frilled lizards (D:1)
  4 rats
36 creatures vanquished.

Notes
Turn   | Place    | Note
-------+----------+-------------------------------------------
     0 | D:1      | barkas the Naga Transmuter began the quest for the Orb.
     0 | D:1      | Reached XP level 1. HP: 18/18 MP: 3/3
   162 | D:1      | Reached XP level 2. HP: 22/25 MP: 3/5
   268 | D:1      | Reached skill level 1 in Poison Magic
   304 | D:1      | Found a faded altar of an unknown god.
   672 | D:1      | HP: 1/25 [kobold (2)]
   678 | D:1      | Reached XP level 3. HP: 1/31 MP: 6/6
  1730 | D:2      | Reached XP level 4. HP: 24/38 MP: 7/7
  1744 | D:2      | Slain by a gnoll

Illustrated notes

Levels and vault maps discovered:
D:1:      heliophobic_arrival_ceremonial_halls, layout_rooms,
          ebering_ecumenical_altar_box, chequers_avenue, lemuel_another_geyser
D:2:      layout_basic, minmay_vboxes

Skill      XL: |  1  2  3 |
---------------+----------+-----
Poison Magic   | 1 |  1.6
Dodging        | 2 |  2.0
Fighting       | |  1.7
Unarmed Combat | |  3.7
Spellcasting   | |  2.0
Transmutations | |  2.4

Action                   |  1- 3 |  4- 6 || total
-------------------------+-------+-------++-------
Melee: Unarmed           |    45 |     8 ||    53
       Headbutt          |     3 |     1 ||     4
       Punch             |       |     1 ||     1
 Cast: Beastly Appendage |    21 |     1 ||    22
 Abil: Spit Poison       |    33 |     3 ||    36
  Use: Potion            |     1 |       ||     1
Armor: Robe              |     9 |       ||     9
Dodge: Dodged            |    16 |     4 ||    20

Table legend: (Time is in decaauts)
 A = Elapsed time spent in this place.
 B = Non-inter-level travel time spent in this place.
 C = Inter-level travel time spent in this place.
 D = Time resting spent in this place.
 E = Time spent auto-exploring this place.
 F = Levels seen in this place.
 G = Mean time per level.
                   A        B        C        D        E       F      G
               +--------+--------+--------+--------+--------+-----+--------+
         Total |   2107 |   2036 |     71 |    157 |   1560 |   2 | 1053.5 |
       Dungeon |   2107 |   2036 |     71 |    157 |   1560 |   2 | 1053.5 |
               +--------+--------+--------+--------+--------+-----+--------+

Top non-repeatable levels by time:
     D:1: 1516 daAuts
     D:2: 591 daAuts
